General information
- name: BNet
- type: Ladder team game (AT/RT)
- host: Battle.net
- saver: SlopdePlop
map: GnollWood
- players: 6
- length: 32:43
- speed: Fast
- version: 1.26 W3XP
- replay type: Public
» download(184 KB)
Players
team 1 (winner)
SlopdePlop (
orange | 52 APM | 1715 actions | 32:43)
3 Archmage
2 Blizzard
1 Brilliance Aura
4 Blood Mage
2 Flame Strike
2 Siphon Mana
» actions
| Assign group hotkey | 8 | |
| Basic commands | 73 | |
| Build / train | 84 | |
| ESC pressed | 3 | |
| Enter build submenu | 38 | |
| Enter hero's abilities submenu | 7 | |
| Give item / drop item | 1 | |
| Remove unit from queue | 2 | |
| Right click | 470 | |
| Select / deselect | 309 | |
| Select group hotkey | 561 | |
| Use ability | 159 | |
1715 total
» units
| Peasant | 12 | |
| Sorceress | 6 | |
| Priest | 2 | |
| Mortar Team | 9 | |
29 total
» upgrades
| Masonry | 3 | |
| Sorceress Training | 1 | |
| Magic Sentry | 1 | |
| Gunpowder | 3 | |
| Lumber Harvesting | 1 | |
| Armor | 0 | |
| Barrage | 1 | |
| Fragmentation Shards | 1 | |
| Flare | 1 | |
12 total
» buildings
| Altar of Kings | 1 | |
| Farm | 11 | |
| Arcane Vault | 1 | |
| Lumber Mill | 1 | |
| Keep | 2 | |
| Scout Tower | 36 | |
| Arcane Tower | 1 | |
| Guard Tower | 17 | |
| Arcane Sanctum | 1 | |
| Blacksmith | 1 | |
| Workshop | 2 | |
| Castle | 1 | |
| Town Hall | 2 | |
77 total
» build order
00:06 Altar of Kings
00:19 Farm
00:20 Farm
00:30 Arcane Vault
01:47 Lumber Mill
02:35 Keep
02:38 Scout Tower
03:47 Arcane Tower
03:49 Farm
04:02 Scout Tower
04:04 Scout Tower
04:07 Scout Tower
04:08 Scout Tower
04:10 Scout Tower
04:11 Scout Tower
04:59 Guard Tower
05:07 Arcane Sanctum
05:17 Scout Tower
05:18 Scout Tower
05:21 Guard Tower
05:25 Guard Tower
05:32 Blacksmith
05:41 Scout Tower
05:42 Scout Tower
05:49 Guard Tower
05:51 Guard Tower
06:18 Guard Tower
06:29 Scout Tower
06:31 Scout Tower
06:32 Scout Tower
06:32 Scout Tower
07:15 Scout Tower
08:12 Guard Tower
08:48 Workshop
08:49 Workshop
08:51 Scout Tower
08:52 Scout Tower
08:53 Scout Tower
10:16 Guard Tower
10:39 Scout Tower
10:40 Scout Tower
11:17 Farm
11:18 Farm
11:19 Farm
11:19 Farm
11:33 Guard Tower
11:56 Scout Tower
11:57 Scout Tower
12:36 Guard Tower
12:58 Guard Tower
13:00 Scout Tower
13:00 Scout Tower
13:51 Farm
14:30 Castle
14:41 Farm
14:43 Guard Tower
15:26 Farm
15:27 Farm
21:03 Town Hall
22:38 Scout Tower
22:38 Scout Tower
22:39 Scout Tower
22:40 Scout Tower
22:40 Scout Tower
22:42 Scout Tower
22:42 Scout Tower
23:52 Guard Tower
24:18 Guard Tower
25:39 Guard Tower
25:43 Scout Tower
25:44 Scout Tower
25:44 Scout Tower
25:46 Scout Tower
26:54 Guard Tower
29:46 Keep
30:45 Guard Tower
31:18 Town Hall
» items
| Scroll of Regeneration | 2 | |
| Lesser Clarity Potion | 3 | |
| Staff of Teleportation | 2 | |
| Scroll of Town Portal | 3 | |
10 total
Zeldazzar (
purple | 21 APM | 698 actions | 32:41)
5 Paladin
3 Devotion Aura
1 Holy Light
1 Divine Shield
4 Firelord
2 Incinerate
2 Summon Lava Spawn
» actions
| Assign group hotkey | 16 | |
| Build / train | 93 | |
| Enter build submenu | 28 | |
| Enter hero's abilities submenu | 9 | |
| Right click | 252 | |
| Select / deselect | 224 | |
| Select group hotkey | 18 | |
| Use ability | 58 | |
698 total
» units
| Peasant | 21 | |
| Footman | 8 | |
| Knight | 16 | |
| Spell Breaker | 11 | |
56 total
» upgrades
| Masonry | 3 | |
| Plating | 3 | |
| Lumber Harvesting | 2 | |
| Swords | 3 | |
| Animal War Training | 1 | |
| Control Magic | 1 | |
| Magic Sentry | 1 | |
14 total
» buildings
| Farm | 9 | |
| Barracks | 1 | |
| Altar of Kings | 1 | |
| Scout Tower | 7 | |
| Lumber Mill | 2 | |
| Keep | 1 | |
| Guard Tower | 5 | |
| Blacksmith | 1 | |
| Castle | 2 | |
| Arcane Sanctum | 1 | |
| Arcane Vault | 1 | |
| Town Hall | 2 | |
33 total
» build order
00:23 Farm
00:38 Barracks
00:54 Altar of Kings
01:03 Farm
01:43 Farm
01:59 Scout Tower
02:22 Farm
02:30 Lumber Mill
03:04 Lumber Mill
03:11 Keep
03:14 Farm
04:08 Guard Tower
04:11 Scout Tower
04:16 Blacksmith
04:38 Scout Tower
04:40 Guard Tower
05:09 Scout Tower
05:14 Guard Tower
05:41 Castle
05:42 Castle
05:59 Guard Tower
06:03 Farm
07:03 Arcane Sanctum
07:31 Farm
09:31 Farm
11:32 Arcane Vault
12:35 Scout Tower
13:07 Guard Tower
15:50 Town Hall
24:38 Farm
25:55 Town Hall
29:51 Scout Tower
31:39 Scout Tower
00.000.00 (
yellow | 59 APM | 1940 actions | 32:41)
4 Archmage
1 Summon Water Elemental
2 Brilliance Aura
1 Blizzard
» actions
| Assign group hotkey | 81 | |
| Basic commands | 19 | |
| Build / train | 94 | |
| ESC pressed | 3 | |
| Enter build submenu | 33 | |
| Enter hero's abilities submenu | 4 | |
| Remove unit from queue | 2 | |
| Right click | 741 | |
| Select / deselect | 537 | |
| Select group hotkey | 342 | |
| Use ability | 84 | |
1940 total
» units
| Peasant | 22 | |
| Footman | 12 | |
| Rifleman | 5 | |
| Siege Engine | 4 | |
| Mortar Team | 6 | |
| Priest | 2 | |
51 total
» upgrades
| Masonry | 3 | |
| Gunpowder | 3 | |
| Plating | 3 | |
| Lumber Harvesting | 0 | |
| Fragmentation Shards | 1 | |
| Barrage | 1 | |
| Armor | 1 | |
| Flare | 1 | |
13 total
» buildings
| Farm | 11 | |
| Barracks | 1 | |
| Altar of Kings | 1 | |
| Lumber Mill | 1 | |
| Keep | 1 | |
| Scout Tower | 10 | |
| Guard Tower | 8 | |
| Arcane Tower | 2 | |
| Blacksmith | 1 | |
| Castle | 1 | |
| Arcane Vault | 1 | |
| Workshop | 2 | |
| Arcane Sanctum | 2 | |
42 total
» build order
00:15 Farm
00:20 Barracks
00:47 Altar of Kings
00:57 Farm
01:35 Farm
02:28 Farm
03:19 Lumber Mill
03:31 Keep
03:50 Scout Tower
05:09 Guard Tower
05:52 Scout Tower
07:05 Scout Tower
07:32 Scout Tower
07:35 Arcane Tower
07:38 Scout Tower
08:53 Scout Tower
09:56 Scout Tower
10:26 Guard Tower
10:27 Guard Tower
10:27 Guard Tower
10:47 Scout Tower
10:55 Scout Tower
11:19 Guard Tower
11:38 Guard Tower
12:06 Guard Tower
12:10 Scout Tower
12:36 Blacksmith
12:56 Arcane Tower
14:00 Castle
14:05 Farm
14:30 Farm
15:17 Farm
16:19 Arcane Vault
18:56 Workshop
19:46 Workshop
20:23 Farm
22:05 Farm
22:56 Farm
25:25 Farm
27:42 Arcane Sanctum
27:56 Arcane Sanctum
» items
| Potion of Healing | 3 | |
| Scroll of Regeneration | 2 | |
| Orb of Fire | 2 | |
| Scroll of Town Portal | 4 | |
11 total
team 2 (loser)
earplug (
teal | 44 APM | 1058 actions | 23:49)
3 Mountain King
2 Storm Bolt
1 Bash
» actions
| Assign group hotkey | 7 | |
| Basic commands | 143 | |
| Build / train | 32 | |
| ESC pressed | 2 | |
| Enter build submenu | 20 | |
| Enter hero's abilities submenu | 4 | |
| Right click | 396 | |
| Select / deselect | 185 | |
| Select group hotkey | 223 | |
| Use ability | 46 | |
1058 total
» units
| Peasant | 17 | |
| Rifleman | 4 | |
| Mortar Team | 1 | |
22 total
» buildings
| Altar of Kings | 1 | |
| Farm | 6 | |
| Barracks | 2 | |
| Blacksmith | 1 | |
| Lumber Mill | 1 | |
| Scout Tower | 4 | |
| Arcane Tower | 1 | |
| Keep | 1 | |
| Arcane Vault | 1 | |
| Workshop | 2 | |
| Guard Tower | 3 | |
23 total
» build order
00:13 Altar of Kings
00:17 Farm
01:00 Farm
01:22 Barracks
01:38 Farm
01:59 Blacksmith
02:09 Lumber Mill
02:21 Barracks
03:52 Farm
04:03 Scout Tower
04:33 Farm
04:35 Arcane Tower
04:46 Keep
06:09 Farm
06:37 Arcane Vault
07:23 Scout Tower
07:26 Scout Tower
07:28 Scout Tower
07:36 Workshop
07:42 Workshop
07:56 Guard Tower
08:06 Guard Tower
08:27 Guard Tower
» items

»
wtw4te (
green | 172 APM | 5608 actions | 32:40)
6 Blademaster
3 Wind Walk
2 Critical Strike
1 Bladestorm
4 Shadow Hunter
2 Healing Wave
2 Hex
2 Mountain King
1 Bash
1 Storm Bolt
» actions
| Assign group hotkey | 51 | |
| Basic commands | 260 | |
| Build / train | 92 | |
| Enter build submenu | 13 | |
| Enter hero's abilities submenu | 12 | |
| Give item / drop item | 4 | |
| Right click | 2053 | |
| Select / deselect | 693 | |
| Select group hotkey | 2278 | |
| Use ability | 152 | |
5608 total
» units
| Peon | 7 | |
| Grunt | 15 | |
| Raider | 11 | |
| Shaman | 1 | |
| Troll Witch Doctor | 1 | |
35 total
» upgrades
| Berserker Strength | 1 | |
| Pillage | 1 | |
| Ensnare | 1 | |
| Shaman Training | 2 | |
| Witch Doctor Training | 2 | |
7 total
» buildings
| Altar of Storms | 1 | |
| Orc Burrow | 6 | |
| Voodoo Lounge | 1 | |
| Barracks | 1 | |
| Stronghold | 2 | |
| Beastiary | 1 | |
| Fortress | 3 | |
| Spirit Lodge | 2 | |
17 total
» build order
00:08 Altar of Storms
00:13 Orc Burrow
00:41 Voodoo Lounge
01:23 Barracks
01:41 Orc Burrow
03:09 Stronghold
03:09 Stronghold
03:45 Orc Burrow
05:54 Beastiary
07:04 Orc Burrow
08:49 Orc Burrow
12:29 Orc Burrow
13:24 Fortress
13:24 Fortress
13:28 Spirit Lodge
13:57 Spirit Lodge
» items
| Healing Salve | 6 | |
| Lesser Clarity Potion | 8 | |
| Scroll of Town Portal | 4 | |
| Boots of Speed | 1 | |
19 total
Agahnim (
pink | 37 APM | 1047 actions | 27:56)
4 Blademaster
2 Wind Walk
2 Critical Strike
3 Shadow Hunter
2 Healing Wave
1 Hex
» actions
| Assign group hotkey | 13 | |
| Basic commands | 2 | |
| Build / train | 52 | |
| Enter build submenu | 21 | |
| Enter hero's abilities submenu | 7 | |
| Remove unit from queue | 4 | |
| Right click | 453 | |
| Select / deselect | 266 | |
| Select group hotkey | 146 | |
| Use ability | 83 | |
1047 total
» units
| Peon | 7 | |
| Grunt | 4 | |
| Raider | 11 | |
| Demolisher | 2 | |
| Spirit Walker | 4 | |
| Tauren | 4 | |
32 total
» upgrades
| Melee Weapons | 2 | |
| Armor | 1 | |
| Ensnare | 1 | |
4 total
» buildings
| Altar of Storms | 1 | |
| Orc Burrow | 8 | |
| Barracks | 1 | |
| Stronghold | 1 | |
| War Mill | 1 | |
| Voodoo Lounge | 1 | |
| Beastiary | 1 | |
| Watch Tower | 2 | |
| Spirit Lodge | 1 | |
| Fortress | 1 | |
| Tauren Totem | 1 | |
| Great Hall | 1 | |
20 total
» build order
00:21 Altar of Storms
00:36 Orc Burrow
00:52 Barracks
01:55 Orc Burrow
02:48 Stronghold
02:51 Orc Burrow
02:56 War Mill
03:08 Orc Burrow
04:08 Voodoo Lounge
05:12 Beastiary
05:56 Watch Tower
06:00 Watch Tower
06:12 Spirit Lodge
07:32 Orc Burrow
11:36 Fortress
12:28 Orc Burrow
13:48 Orc Burrow
14:10 Tauren Totem
14:45 Orc Burrow
20:07 Great Hall
» items
Chat log
(02:14 / Allies) 00.000.00: so what units guys? what'st he plan?
(02:36 / Allies) 00.000.00: oj r u teching
(02:43 / Allies) Zeldazzar: whatever im going fast knights
(03:28 / Allies) 00.000.00: can u guys read or not that smart?
(03:50 / Allies) Zeldazzar: sup what do yiu want?
(04:38 / All) 00.000.00: nice lag
(05:06 / All) 00.000.00: wtf, are you hacking green how is your bm so strong? I dont see u have anything
(05:12 / All) 00.000.00: fing bullshit
(05:29 / All) 00.000.00: plus whoever lags is a fucking cunt
(05:33 / All) 00.000.00: fucks up my unit control
(06:10 / Allies) 00.000.00: wow u kids are idiots
(06:15 / Allies) 00.000.00: fucking total waste
(06:19 / All) SlopdePlop: WEEEEEE
(06:32 / All) 00.000.00: my allies are worthless morons
(06:38 / All) 00.000.00: Not sure if I want to waste my time here
(07:14 / Allies) Zeldazzar: im coming
(08:37 / All) 00.000.00: nice lag idiots
(08:43 / Allies) 00.000.00: hey faggots
(08:45 / Allies) 00.000.00: how about some help
(09:06 / All) 00.000.00: fucking waste of my time
(09:11 / All) SlopdePlop: WEEEEEE
(09:23 / All) 00.000.00: niggers orange and purple, HOW ABOUT SOME FUCKING HELP U IDIOTS
(09:41 / Allies) Zeldazzar: 1 sec
(09:47 / All) 00.000.00: GO FUCK YOUR MOTHER
(09:54 / All) SlopdePlop: WEEEEEEE
(10:02 / All) 00.000.00: MORON TOWER IDIOT
(10:24 / Allies) 00.000.00: GIVE ME GOLD U FUCKING MORON ORANGE
(11:05 / All) 00.000.00: FUK THIS
(11:12 / All) 00.000.00: FUCKING WASTE OF MY TIME, U KIDS ARE MORONS
(11:21 / All) SlopdePlop: u mad
(11:29 / All) 00.000.00: no loser
(11:36 / All) 00.000.00: more like disgusted with your stupidity
(11:49 / All) SlopdePlop: u mad
(12:02 / All) 00.000.00: ur not worth getting mad over, you're pond scum
(12:04 / All) 00.000.00: worthless tome
(12:09 / All) SlopdePlop: reported
(12:16 / All) 00.000.00: lol go for it idiot
(12:21 / All) 00.000.00: that does nothing
(12:48 / All) 00.000.00: it would be nice if they banned u morons from ruining this game
(12:50 / All) 00.000.00: but they don't
(12:56 / All) SlopdePlop: reported
(13:06 / All) 00.000.00: report it again, call your mommy and daddy
(13:08 / All) 00.000.00: they dont do shit kid
(13:11 / All) 00.000.00: ignorant fool
(13:22 / All) 00.000.00: we clearly lost
(13:26 / All) 00.000.00: cause u 2 are morons
(13:32 / All) 00.000.00: REPORTED
(13:33 / All) 00.000.00: DO IT AGAIN
(14:23 / Allies) 00.000.00: give me gold u fuckin gidiot
(14:31 / All) SlopdePlop: WEEEEEEE
(15:19 / All) SlopdePlop: WEEEEEEEEEEEE
(15:42 / All) SlopdePlop: WEEEEEEEEEEEEEEEEEEEEE
(16:31 / All) 00.000.00: so which one of you pieces of shit lags and is causing me loss of unit control?
(18:25 / All) SlopdePlop: WEEEEEEEEE
(18:42 / Allies) Zeldazzar: gj
(19:31 / Allies) 00.000.00: we need to meet up and counter
(19:39 / Allies) 00.000.00: anyone got anti air?
(19:52 / All) SlopdePlop: WEEEEEEEEEE
(20:45 / All) SlopdePlop: WEEEEEEEEE
(21:08 / All) SlopdePlop: WEEEEEEEEEEEEEEEEEEE
(22:18 / All) 00.000.00: payback's a bitch eh green :)
(22:32 / All) SlopdePlop: WEEEEEEEEEE
(23:13 / Allies) 00.000.00: move in orang
(23:15 / Allies) 00.000.00: let me in
(23:18 / All) SlopdePlop: WEEEEEEEE
(23:49 / All) earplug: well played orange
(23:53 / All) SlopdePlop: WEEEEEEEEEEE
(23:55 / All) 00.000.00: stupidly played
(23:59 / All) SlopdePlop: reported
(24:05 / All) 00.000.00: bend over
(24:06 / All) 00.000.00: noob
(24:39 / All) SlopdePlop: WEEEEEE
(24:43 / All) 00.000.00: can u stfu
(24:45 / All) 00.000.00: u moron
(24:49 / All) SlopdePlop: reported
(26:07 / All) 00.000.00: move u idiot orange
(26:19 / All) 00.000.00: fucking unhide nigger
(27:02 / All) SlopdePlop: WEEEEEEEEE
(27:23 / All) SlopdePlop: WEEEEEEEEEEEEEEEEEEE
(27:35 / Allies) 00.000.00: meet up pls
(27:59 / All) SlopdePlop: WEEEEEEEEE
(28:17 / All) 00.000.00: fuckin dumb ass loser faggot allies
(28:19 / All) 00.000.00: Im tking htis fuck
(28:34 / All) 00.000.00: orange ur a fucking total worthless idiot
(28:35 / All) SlopdePlop: u mad
(28:39 / All) 00.000.00: no.
(29:35 / All) 00.000.00: nice lag oragne I get ur the asshole that lags
(29:52 / All) 00.000.00: u mad?
(29:54 / All) 00.000.00: LMFAO
(29:59 / All) SlopdePlop: WEEEEEEEE
(30:17 / All) 00.000.00: reported
(30:32 / All) SlopdePlop: WEEEEEEEEEEEEEE
(30:33 / All) 00.000.00: yah u mad
(30:36 / All) 00.000.00: WEEEEEEEEE
(30:38 / All) 00.000.00: WEEEEEEEEEEEEEEEEEEEEE
(30:42 / All) 00.000.00: WEEEEEEEEEE
(31:22 / All) SlopdePlop: WEEEEEEEEE
(32:09 / Allies) Zeldazzar:
(32:16 / All) SlopdePlop: WEEEEEEEEEEEEEE
(32:19 / Allies) Zeldazzar:
(32:38 / All) SlopdePlop: WEEEEEEEEEEEEE